AoeStats
← numba one

MegaRandom

507780544Analyzed
3v3 RM · 14d ago on Sep 19, 2026· 73m 51s· 6 players
Game mode
Random Map
Map size
Normal (6 player)
Population
200
Speed
Normal
Resources
Standard
Victory
Conquest
Starting age
Dark Age
Ending age
Imperial Age
RankedLock teamsTeams togetherTeam positionsShared explorationLock speedFull tech treeHidden civsTurbo modeCheats
Victory
Defeat
🇬🇧 Japanese · United Kingdom
981
+17
🇬🇧 Magyars · United Kingdom
959
+18
🇬🇧 Spanish · United Kingdom
934
+18
🇷🇴 Bulgarians · Romania
1003
-18
🇷🇴 Chinese · Romania
995
-18
🇧🇷 Malay · Brazil
984
-17
Leo000BR
6:49 Loom
11:48 Feudal Age
13:07 Double-Bit Axe
14:13 Horse Collar
16:54 Wheelbarrow
17:53 Fishing Lines
23:01 Stone Mining
23:07 Gold Mining
25:21 Castle Age
24:12 Forging
24:08 Scale Barding Armor
25:51 Iron Casting
25:19 Husbandry
25:39 Hand Cart
27:57 Bow Saw
29:15 Gold Shaft Mining
30:18 Heavy Plow
30:12 Town Watch
31:50 Fletching
34:09 Squires
33:55 Arson
37:38 Imperial Age
35:24 Gillnets
36:19 Medium Warships
37:30 Stone Shaft Mining
38:10 Blast Furnace
37:07 Bodkin Arrow
37:45 Heavy Warships
38:54 Ballistics
38:56 Shipwright
38:48 Careening
38:50 Clinker Construction
38:37 Murder Holes
39:43 Chemistry
40:26 Siphons
40:16 Heated Shot
40:47 Bracer
41:29 Town Patrol
41:50 Elite Battle Elephant
43:22 Crop Rotation
44:46 Dry Dock
44:50 Carvel Hull
47:19 Onager
49:03 Siege Engineers
49:14 Thalassocracy
50:41 Elite Karambit Warrior
54:05 Forced Levy
54:49 Pikeman
55:05 Man-at-Arms
56:35 Bombard Tower
56:06 Guard Tower
57:31 Conscription
56:55 Halberdier
58:12 Man-at-Arms
58:44 Long Swordsman
62:04 Two-Handed Swordsman
Legend Killer
0:28 Loom
11:39 Feudal Age
13:43 Fishing Lines
14:54 Double-Bit Axe
14:52 Horse Collar
20:00 Castle Age
21:06 Heavy Plow
27:52 Gillnets
29:41 Bow Saw
31:54 Husbandry
32:06 Bloodlines
35:35 Imperial Age
33:43 Wheelbarrow
34:35 Fletching
34:46 Padded Archer Armor
34:56 Forging
34:47 Scale Mail Armor
35:58 Ballistics
35:34 Murder Holes
35:10 Light Cavalry
36:12 Heavy Rocket Cart
37:19 Conscription
36:22 Pikeman
37:02 Squires
38:05 Gold Mining
38:06 Stone Mining
38:39 Hand Cart
39:14 Caravan
40:08 Bodkin Arrow
40:28 Leather Archer Armor
40:49 Iron Casting
40:30 Chain Mail Armor
41:35 Chemistry
43:14 Bombard Tower
43:13 Elite Chu Ko Nu
49:07 Two-Man Saw
49:08 Rocketry
48:49 Great Wall
48:42 Cavalier
51:52 Elite Fire Lancer
52:41 Bracer
53:12 Ring Archer Armor
53:43 Blast Furnace
53:13 Plate Mail Armor
52:48 Scale Barding Armor
54:23 Block Printing
54:34 Illumination
54:10 Devotion
54:30 Sanctity
54:11 Atonement
54:30 Fervor
54:36 Block Printing
54:21 Atonement
54:23 Devotion
54:48 Illumination
54:44 Sanctity
numba one
11:57 Feudal Age
12:54 Horse Collar
20:28 Castle Age
18:55 Double-Bit Axe
19:57 Forging
19:57 Scale Barding Armor
23:02 Husbandry
23:14 Bloodlines
24:24 Chain Barding Armor
28:35 Iron Casting
28:25 Demolition Ship
34:00 Fletching
35:01 Fishing Lines
35:42 Bow Saw
37:15 Gillnets
37:21 Town Watch
40:07 Imperial Age
38:14 Wheelbarrow
37:24 Loom
38:40 Town Patrol
40:02 Stirrups
41:01 Elite Konnik
42:08 Conscription
41:52 Bagains
41:34 Light Cavalry
42:09 Gambesons
42:25 Squires
42:11 Arson
41:48 Pikeman
42:30 Bodkin Arrow
43:04 Hussar
43:48 Halberdier
46:25 Medium Warships
48:13 Heavy Warships
48:06 Bracer
48:07 Padded Archer Armor
51:35 Scale Mail Armor
51:52 Leather Archer Armor
52:41 Blast Furnace
52:18 Plate Barding Armor
52:50 Chemistry
52:13 Ballistics
52:54 Chemistry
52:05 Masonry
58:12 Caravan
64:11 Chain Mail Armor
65:49 Plate Mail Armor
MATT_FRY
0:28 Loom
13:45 Feudal Age
14:11 Fishing Lines
14:43 Double-Bit Axe
22:36 Castle Age
21:27 Fletching
22:46 Demolition Ship
23:54 Gillnets
24:42 Bow Saw
25:56 Medium Warships
26:04 Medium Warships
26:35 Ballistics
26:56 Wheelbarrow
26:00 Pikeman
27:09 Guard Tower
29:44 Town Watch
31:29 Fervor
32:00 Careening
32:01 Clinker Construction
32:09 Scale Mail Armor
32:05 Bodkin Arrow
36:36 Imperial Age
36:13 Murder Holes
36:28 Masonry
38:55 Chemistry
37:41 Arrowslits
38:22 Hand Cart
38:46 Heavy Warships
39:58 Elite Cannon Galleon
42:01 Keep
41:49 Dry Dock
41:57 Carvel Hull
41:58 Town Patrol
42:44 Yasama
43:42 Bracer
45:20 Padded Archer Armor
48:30 Leather Archer Armor
48:31 Chain Mail Armor
48:27 Forging
49:31 Heavy Cavalry Archer
50:37 Parthian Tactics
50:18 Thumb Ring
50:16 Arrowslits
52:30 Ring Archer Armor
52:04 Husbandry
52:15 Bloodlines
51:49 Halberdier
52:29 Squires
52:36 Elite Samurai
53:37 Conscription
55:16 Hoardings
55:15 Kataparuto
56:11 Arson
57:02 Plate Mail Armor
57:07 Iron Casting
56:38 Scale Barding Armor
60:14 Blast Furnace
61:10 Siege Engineers
61:25 Shipwright
ralph85
7:24 Loom
9:30 Feudal Age
11:45 Double-Bit Axe
16:32 Horse Collar
16:49 Fishing Lines
21:37 Castle Age
20:05 Gold Mining
22:02 Stone Mining
22:38 Bow Saw
22:31 Heavy Plow
22:27 Fletching
22:39 Padded Archer Armor
23:02 Gillnets
22:50 Pikeman
25:15 Thumb Ring
25:22 Scale Mail Armor
26:52 Husbandry
27:33 Medium Warships
30:35 Bodkin Arrow
30:55 Leather Archer Armor
32:25 Scale Barding Armor
33:14 Gold Shaft Mining
35:14 Chain Barding Armor
35:10 Chain Mail Armor
37:14 Bloodlines
39:18 Corvinian Army
44:33 Imperial Age
45:08 Elite Magyar Huszar
46:09 Conscription
45:53 Recurve Bow
48:34 Heavy Warships
50:21 Plate Barding Armor
53:03 Parthian Tactics
51:58 Heavy Cavalry Archer
52:05 Light Cavalry
52:09 Cavalier
53:29 Halberdier
57:10 Wheelbarrow
59:23 Murder Holes
60:29 Chemistry
59:52 Ballistics
61:49 Two-Man Saw
61:25 Heated Shot
63:20 Careening
65:15 Masonry
65:50 Crop Rotation
68:14 Shipwright
68:17 Dry Dock
72:57 Siege Engineers
72:33 Treadmill Crane
Ralph785
10:38 Feudal Age
11:16 Double-Bit Axe
15:16 Loom
17:16 Padded Archer Armor
19:39 Castle Age
17:22 Horse Collar
18:21 Gold Mining
21:18 Leather Archer Armor
23:56 Bloodlines
24:52 Husbandry
34:38 Imperial Age
32:45 Wheelbarrow
33:52 Ballistics
33:59 Stone Mining
35:59 Ring Archer Armor
36:34 Chemistry
36:17 Elite Conquistador
41:40 Hand Cart
47:26 Onager
52:10 Pikeman
60:37 Conscription
Connection lost

Rejoining the realm…

Still unreachable

The connection could not be restored.

Session expired

The server has moved on; the page needs a fresh start.